 Dungeon Crawl Stone Soup version 0.18.1-50-g88ac8fd (webtiles) character file.

156 Inkary the Chopper (level 5, 0/41 HPs)
             Began as a Formicid Fighter on Sept 17, 2016.
             Slain by a kobold
             ... wielding a +0 whip
              (3 damage)
             ... on level 3 of the Dungeon.
             The game lasted 00:02:43 (1683 turns).

Inkary the Chopper (Formicid Fighter)               Turns: 1683, Time: 00:02:43

Health: 0/41       AC:  6    Str: 23    XL:     5   Next: 64%
Magic:  5/5        EV:  8    Int:  8    God:
Gold:   139        SH:  9    Dex: 11    Spells: 0 memorised, 4 levels left

rFire  . . .     SeeInvis +     a - +0 war axe
rCold  . . .     Gourm    .     b - +0 scale mail
rNeg   . . .     Faith    .     c - +0 shield
rPois  .         Spirit   .     (helmet unavailable)
rElec  .         Dismiss  .     (no cloak)
rCorr  .         Reflect  .     (no gloves)
SustAt .         Harm     .     (no boots)
MR     .....                    (no amulet)
Stlth  ..........               (no ring)
                                q - +3 ring of strength

@: lethally poisoned (0 -> -3), not resistant to hostile enchantments, extremely
unstealthy
A: permanent stasis, dig shafts and tunnels, four strong arms, antennae 3
a: Dig, Shaft Self


You were on level 3 of the Dungeon.
You were not hungry.

You visited 1 branch of the dungeon, and saw 3 of its levels.

You collected 139 gold pieces.

Inventory:

Hand Weapons
 a - a +0 war axe (weapon)
Armour
 b - a +0 scale mail (worn)
 c - a +0 shield (worn)
Jewellery
 q - a +3 ring of strength (left hand)
Scrolls
 g - 2 scrolls of remove curse {unknown}
 i - 3 scrolls of noise {unknown}
 j - 4 scrolls of identify {unknown}
 p - a scroll of fog {unknown}
 r - a scroll of recharging {unknown}
 t - a scroll of enchant weapon {unknown}
 y - a scroll of teleportation {unknown}
Potions
 d - 2 potions of might
 e - 2 potions of cure mutation {unknown}
 h - a potion of cancellation {unknown}
 k - 2 potions of curing {unknown}
 l - 3 potions of heal wounds {unknown}
 m - a potion of lignification {unknown}
 n - 2 potions of berserk rage {unknown}
 o - 2 potions of flight {unknown}
 u - a potion of degeneration {unknown}
 x - a potion of brilliance {unknown}
Comestibles
 f - 2 bread rations
 s - 2 slices of pizza
 v - 3 chunks of flesh
 w - a beef jerky


   Skills:
 - Level 3.2 Fighting
 + Level 5.4 Axes
 - Level 3.2 Armour
 - Level 3.6 Shields


You had 4 spell levels left.
You didn't know any spells.

Dungeon Overview and Level Annotations

Branches:
Dungeon (3/15)

Altars:
Ashenzari


Innate Abilities, Weirdness & Mutations

You are under a permanent stasis effect.
You can dig through walls and to a lower floor.
Your four strong arms can wield two-handed weapons with a shield.
You have a pair of large antennae on your head (SInv).


Message History

You miss the kobold.
The kobold is moderately wounded.
You feel sick. The kobold closely misses you. You block the kobold's attack.
Your scale mail prevents you from hitting the kobold.
The kobold is moderately wounded.
The kobold barely misses you.
You barely miss the kobold.
The kobold is moderately wounded.
You feel sick.
The kobold hits you with an uncursed whip.
* * * LOW HITPOINT WARNING * * *
Your shield and scale mail prevent you from hitting the kobold.
The kobold is moderately wounded.
You block the kobold's attack. x2
Your shield prevents you from hitting the kobold.
The kobold is moderately wounded.
* * * LOW HITPOINT WARNING * * *
You feel sick.
The kobold hits you with an uncursed whip.
You die...

###.#### #.#
#.###########
##...#####.### #.#
#.......##.^.######.#
###.......#...........#
..........##.....######
###..[..........(.#
.........)##....(##
..........##.....#
###......(##.#.#@# #
#......(##...#K#
###......(##.#.#S#
[........(##.#.#r#
..##......##.# #.#
..#.[.....(<.# #.#
##........#### #.#
##........# .$#
...##..####


You could see an adder, a quokka and a kobold.

Vanquished Creatures
  8 adders
  An ooze (D:1)
  2 worms (D:2)
  A dart slug (D:1)
  A giant gecko (D:1)
  An orc (D:3)
  10 bats
  3 giant cockroaches
  6 goblins
  9 hobgoblins
  7 jackals
  8 kobolds
  A giant newt (D:2)
  11 rats
69 creatures vanquished.

Notes
Turn   | Place    | Note
--------------------------------------------------------------
     0 | D:1      | Inkary the Formicid Fighter began the quest for the Orb.
     0 | D:1      | Reached XP level 1. HP: 18/18 MP: 1/1
   106 | D:1      | Reached XP level 2. HP: 24/24 MP: 2/2
   150 | D:1      | Reached skill level 3 in Axes
   230 | D:1      | Reached XP level 3. HP: 29/29 MP: 3/3
   574 | D:2      | Reached skill level 4 in Axes
   574 | D:2      | Reached XP level 4. HP: 19/35 MP: 4/4
   825 | D:2      | Found a shattered altar of Ashenzari.
   942 | D:2      | Reached XP level 5. HP: 32/41 MP: 5/5
  1085 | D:2      | Reached skill level 5 in Axes
  1683 | D:3      | Slain by a kobold

Skill      XL: |  1  2  3  4  5 |
---------------+----------------+-----
Axes           | 3 4 5 |  5.4
Fighting       | |  3.2
Armour         | |  3.2
Shields        | |  3.6

Action                   |  1- 3 |  4- 6 || total
-------------------------+-------+-------++-------
Melee: War axe           |   112 |   134 ||   246
  Eat: Chunk             |       |     3 ||     3
Armor: Scale mail        |    59 |    59 ||   118
Dodge: Dodged            |    48 |    49 ||    97
Block: Shield            |    51 |    67 ||   118
